 Dungeon Crawl Stone Soup version 0.22-a0-521-gb1378044ac (webtiles) character file.

42 Anathary the Sneak (level 3, 0/28 HPs)
             Began as a Demonspawn Assassin on June 20, 2018.
             Was an Initiate of Cheibriados.
             Slain by a crimson imp
             ... wielding a +0 short sword
              (2 damage)
             ... on level 2 of the Dungeon.
             The game lasted 00:03:43 (1293 turns).

Anathary the Sneak (Demonspawn Assassin)            Turns: 1293, Time: 00:03:43

Health: 0/28       AC:  8    Str: 12    XL:     3   Next: 33%
Magic:  3/3        EV: 10    Int: 13    God:    Cheibriados [......]
Gold:   34         SH:  0    Dex: 16    Spells: 2/2 levels left

rFire    . . .     SeeInvis .   a - +2 dagger
rCold    . . .     Gourm    .   (no shield)
rNeg     . . .     Faith    .   m - +0 scale mail
rPois    .         Spirit   .   (no helmet)
rElec    .         Reflect  .   d - +0 cloak
rCorr    .         Harm     .   (no gloves)
MR       .....                  k - +0 pair of boots
Stlth    +.........             (no amulet)
HPRegen  0.09/turn              (no ring)
MPRegen  0.08/turn              (no ring)

@: very slow
A: sturdy frame 1
a: Bend Time, Renounce Religion


You were on level 2 of the Dungeon.
You worshipped Cheibriados.
Cheibriados was noncommittal.
You were not hungry.

You visited 1 branch of the dungeon, and saw 2 of its levels.

You collected 34 gold pieces.

Inventory:

Hand Weapons
 a - a +2 dagger (weapon)
 b - a +0 blowgun
Missiles
 e - 8 poisoned needles
 f - 2 curare-tipped needles
Armour
 c - a +0 robe
 d - a +0 cloak (worn)
 k - a +0 pair of boots (worn)
 m - a +0 scale mail (worn)
Scrolls
 h - a scroll of remove curse {unknown}
 i - a scroll of blinking {unknown}
 j - 2 scrolls of fear {unknown}
Potions
 l - a potion of cancellation {unknown}
Comestibles
 g - 2 rations


   Skills:
 + Level 2.3 Fighting
 + Level 2.0 Short Blades
 - Level 1.7 Throwing
 + Level 1.1 Dodging
 * Level 4.5 Stealth


You had 2 spell levels left.
You didn't know any spells.
Your spell library was empty.

Dungeon Overview and Level Annotations

Branches:
Dungeon (2/15)

Altars:
Cheibriados
Uskayaw


Innate Abilities, Weirdness & Mutations

Your movements are slightly less encumbered by armour. (ER -2)


Message History

You barely miss the crimson imp. The crimson imp barely misses you.
You hit the crimson imp.
The crimson imp is moderately wounded.
The crimson imp blinks!
You see here a quokka corpse.
You see here an adder corpse.
You miss the crimson imp.
The crimson imp hits you but does no damage.
You hit the crimson imp.
The crimson imp is moderately wounded.
The crimson imp hits you but does no damage.
You hit the crimson imp.
The crimson imp is moderately wounded.
The crimson imp hits you but does no damage.
You hit the crimson imp.
The crimson imp is moderately wounded.
The crimson imp sputters.
The crimson imp blinks!
The crimson imp hits you with a short sword.
You die...

######### #...#...##
###..#.5#..###
#_.#..#@.#...#
##..#..#..##.######.
##...#..†##........
#########.#####...
#.....#.# #.#.....#
#.#.....# ...##
#.#.....# #....
#.......# #....


You could see a crimson imp.

Vanquished Creatures
  2 adders (D:2)
  A dart slug (D:2)
  A leopard gecko (D:2)
  A giant cockroach (D:2)
  3 goblins (D:1)
  3 hobgoblins (D:1)
  A quokka (D:2)
  4 bats (D:1)
  A frilled lizard (D:1)
  2 kobolds (D:2)
  4 rats
23 creatures vanquished.

Notes
Turn   | Place    | Note
-------+----------+-------------------------------------------
     0 | D:1      | Anathary the Demonspawn Assassin began the quest for the Orb.
     0 | D:1      | Reached XP level 1. HP: 16/16 MP: 1/1
   117 | D:1      | Reached skill level 1 in Dodging
   184 | D:1      | Reached skill level 4 in Stealth
   348 | D:1      | Gained mutation: Your movements are slightly less encumbered by armour. (ER -2) [demonic ancestry]
   348 | D:1      | Reached XP level 2. HP: 22/22 MP: 2/2
   741 | D:2      | Found a snail-covered altar of Cheibriados.
   755 | D:2      | Became a worshipper of Cheibriados the Contemplative
   842 | D:2      | Reached XP level 3. HP: 7/27 MP: 3/3
  1208 | D:2      | Found a hide-covered altar of Uskayaw.
  1277 | D:2      | HP: 1/28 [crimson imp/short sword (5)]
  1293 | D:2      | Slain by a crimson imp

Vault maps used:
D:1:      tarquinn_simple_flora_water_e, minmay_misc_feat_tiny,
          hangedman_decor_points
D:2:      marbit_many_paths, serial_curves, eino_curves_02, eino_curves_02,
          minmay_fountain_box, kennysheep_slug_shrine

Skill      XL: |  1  2  3 |
---------------+----------+-----
Dodging        | 1 |  1.1
Stealth        | 4 |  4.5
Short Blades   | 2 |  2.0
Fighting       | |  2.3
Throwing       | |  1.7

Action                   || total
-------------------------++-------
Melee: Dagger            ||   133
 Stab: Sleeping          ||     3
  Eat: Ration            ||     1
Armor: Robe              ||    23
       Scale mail        ||    22
Dodge: Dodged            ||    59

Table legend:
 A = Spawn XP
 B = Non-spawn XP
 C = Spawn XP percentage of total XP
 D = Spawn monster count
 E = Non-spawn monster count
 F = Spawn count percentage of total count
 G = Total turns spent on level
                    A         B        C        D         E        F      G
               +---------+---------+-------+---------+---------+-------+---------
         Total |       0 |      60 |   0.0 |       0 |      23 |   0.0 |  1293
               +---------+---------+-------+---------+---------+-------+---------
           D:1 |       0 |      19 |   0.0 |       0 |      14 |   0.0 |   704
           D:2 |       0 |      41 |   0.0 |       0 |       9 |   0.0 |   589
               +---------+---------+-------+---------+---------+-------+---------
